PBL
NEW JERSEY DEVILS @ COLUMBUS REDS
08/29/2046
 
TOP OF THE 1ST
New Jersey Devils batting - Pitching for Columbus Reds : RHP Brian Trejo
Pitching: RHP Brian Trejo
Batting: RHB Sam Callahan 0-0: Fly out, F8 (Line Drive, 8RD, EV 91.9 MPH)
Batting: RHB Eric Zylstra 0-0: Foul Ball, location: 2F
0-1: Called Strike
0-2: Ball
1-2: Ball
2-2: Foul Ball, location: 2F
2-2: Foul Ball, location: 2F
2-2: Foul Ball, location: 2F
2-2: Ball
3-2: Base on Balls
Batting: RHB Nate Henderson 0-0: Called Strike
0-1: Ball
1-1: Called Strike
1-2: Ball
2-2: Ball
3-2: Strikes out swinging
Eric Zylstra is caught stealing 2nd base 2-4
Batter strikes out.
Top of the 1st over - 0 runs, 0 hits, 0 errors, 0 left on base; New Jersey 0 - Columbus 0
BOTTOM OF THE 1ST
Columbus Reds batting - Pitching for New Jersey Devils : RHP Dan Mathews
Pitching: RHP Dan Mathews
Batting: RHB Alex de Leon 0-0: Called Strike
0-1: Foul Ball, location: 2F
0-2: Fly out, F9 (Line Drive, 89M, EV 106.2 MPH)
Batting: RHB Ernie Maldonado 0-0: Fly out, F9 (Flyball, 9D, EV 92.5 MPH)
Batting: RHB Aaron Barraza 0-0: Ground out 6-3 (Groundball, 6, EV 96.2 MPH)
Bottom of the 1st over - 0 runs, 0 hits, 0 errors, 0 left on base; New Jersey 0 - Columbus 0
TOP OF THE 2ND
New Jersey Devils batting - Pitching for Columbus Reds : RHP Brian Trejo
Batting: RHB Bill Crogan 0-0: Called Strike
0-1: Swinging Strike
0-2: Strikes out looking
Batting: RHB Juan Medina 0-0: Swinging Strike
0-1: Fly out, F9 (Flyball, 9S, EV 91.9 MPH)
Batting: LHB Brad Guffin 0-0: Ball
1-0: Called Strike
1-1: Ground out 5-3 (Groundball, 56, EV 91.2 MPH)
Top of the 2nd over - 0 runs, 0 hits, 0 errors, 0 left on base; New Jersey 0 - Columbus 0
BOTTOM OF THE 2ND
Columbus Reds batting - Pitching for New Jersey Devils : RHP Dan Mathews
Batting: RHB Ed Santibanez 0-0: Ball
1-0: SINGLE (Line Drive, 7S, EV 98.1 MPH)
Batting: SHB Cesar Pelayo 0-0: Called Strike
0-1: Ball
1-1: Foul Ball, location: 2F
1-2: Foul Ball, location: 2F
1-2: Foul Ball, location: 2F
1-2: Ball
2-2: Foul Ball, location: 2F
2-2: Fielders Choice at 2nd, 4-6 (Groundball, 34S, EV 85.6 MPH)
Batting: RHB Alex Villagomez 0-0: Ball
1-0: Ball
2-0: 2-RUN HOME RUN (Line Drive, 7D, EV 98.1 MPH), Distance : 400 ft
Batting: RHB Ch'ang-chieh Hsia 0-0: Foul Ball, location: 2F
0-1: Foul Ball, location: 2F
0-2: SINGLE (Groundball, P, EV 81.2 MPH) (infield hit)
Batting: LHB Jose Cruz 0-0: SINGLE (Flyball, 6D, EV 91.2 MPH)
Ch'ang-chieh Hsia to second
Batting: LHB Mike Becerra 0-0: Ball
1-0: Ground out 4-3 (Groundball, 4S, EV 71.9 MPH)
Ch'ang-chieh Hsia to third
Jose Cruz to second
Batting: RHB Alex de Leon 0-0: Called Strike
0-1: Swinging Strike
0-2: Ball
1-2: Foul Ball, location: 2F
1-2: Ball
2-2: Foul Ball, location: 2F
2-2: Ball
3-2: Strikes out swinging
Bottom of the 2nd over - 2 runs, 4 hits, 0 errors, 2 left on base; New Jersey 0 - Columbus 2
TOP OF THE 3RD
New Jersey Devils batting - Pitching for Columbus Reds : RHP Brian Trejo
Batting: RHB Pedro Botello 0-0: Ball
1-0: Ball
2-0: Called Strike
2-1: Ball
3-1: Foul Ball, location: 2F
3-2: Strikes out looking
Batting: RHB Jeremy Delka 0-0: Called Strike
0-1: Called Strike
0-2: Foul Ball, location: 2F
0-2: Hit by Pitch
Batting: RHB Frank Emery 0-0: Sac Bunt to P - play at first, batter OUT! 1-3
Jeremy Delka to second
Batting: RHB Sam Callahan 0-0: Foul Ball, location: 2F
0-1: Ball
1-1: Ball
2-1: Foul Ball, location: 2F
2-2: Strikes out looking
Top of the 3rd over - 0 runs, 0 hits, 0 errors, 1 left on base; New Jersey 0 - Columbus 2
BOTTOM OF THE 3RD
Columbus Reds batting - Pitching for New Jersey Devils : RHP Dan Mathews
Batting: RHB Ernie Maldonado 0-0: Ball
1-0: Called Strike
1-1: Ball
2-1: Ball
3-1: Base on Balls
Batting: RHB Aaron Barraza 0-0: Called Strike
0-1: Foul Ball, location: 2F
0-2: Foul Ball, location: 2F
0-2: Ball
1-2: SINGLE (Flyball, 8LS, EV 97.5 MPH)
Ernie Maldonado to second
Batting: RHB Ed Santibanez 0-0: Ball
1-0: Called Strike
1-1: Grounds into double play, U4-3 (Groundball, 6M, EV 103.1 MPH)
Ernie Maldonado to third
Batting: SHB Cesar Pelayo 0-0: Ball
1-0: Foul Ball, location: 2F
1-1: Swinging Strike
1-2: Ball
2-2: Ball
3-2: Strikes out swinging
Bottom of the 3rd over - 0 runs, 1 hit, 0 errors, 1 left on base; New Jersey 0 - Columbus 2
TOP OF THE 4TH
New Jersey Devils batting - Pitching for Columbus Reds : RHP Brian Trejo
Batting: RHB Eric Zylstra 0-0: Foul Ball, location: 2F
0-1: Ball
1-1: Called Strike
1-2: Foul Ball, location: 2F
1-2: Foul Ball, location: 2F
1-2: Strikes out swinging
Batting: RHB Nate Henderson 0-0: Called Strike
0-1: Foul Ball, location: 2F
0-2: Ball
1-2: Foul Ball, location: 2F
1-2: Ball
2-2: Strikes out swinging
Batting: RHB Bill Crogan 0-0: Ball
1-0: Called Strike
1-1: Swinging Strike
1-2: Strikes out swinging
Top of the 4th over - 0 runs, 0 hits, 0 errors, 0 left on base; New Jersey 0 - Columbus 2
BOTTOM OF THE 4TH
Columbus Reds batting - Pitching for New Jersey Devils : RHP Dan Mathews
Batting: RHB Alex Villagomez 0-0: Ball
1-0: Ball
2-0: Foul Ball, location: 2F
2-1: Called Strike
2-2: Ball
3-2: Foul Ball, location: 2RF, Error on foul ball, E2
3-2: Ground out 1-3 (Groundball, 13, EV 65.6 MPH)
Batting: RHB Ch'ang-chieh Hsia 0-0: Called Strike
0-1: Swinging Strike
0-2: Ball
1-2: Strikes out looking
Batting: LHB Jose Cruz 0-0: Ball
1-0: Ball
2-0: Ball
3-0: Base on Balls
Batting: LHB Mike Becerra 0-0: Ball
1-0: Swinging Strike
1-1: Swinging Strike
1-2: Ball
2-2: Fly out, F6 (Popup, 6M, EV 55.6 MPH)
Bottom of the 4th over - 0 runs, 0 hits, 1 error, 1 left on base; New Jersey 0 - Columbus 2
TOP OF THE 5TH
New Jersey Devils batting - Pitching for Columbus Reds : RHP Brian Trejo
Batting: RHB Juan Medina 0-0: Called Strike
0-1: Ball
1-1: Called Strike
1-2: Foul Ball, location: 2F
1-2: Foul Ball, location: 2F
1-2: Foul Ball, location: 2F
1-2: Ground out 4-3 (Groundball, 4S, EV 69.4 MPH)
Batting: LHB Brad Guffin 0-0: Ground out 4-3 (Groundball, 4, EV 81.2 MPH)
Batting: RHB Pedro Botello 0-0: Swinging Strike
0-1: Ground out 5-3 (Groundball, 25, EV 88.1 MPH)
Top of the 5th over - 0 runs, 0 hits, 0 errors, 0 left on base; New Jersey 0 - Columbus 2
BOTTOM OF THE 5TH
Columbus Reds batting - Pitching for New Jersey Devils : RHP Dan Mathews
Batting: RHB Alex de Leon 0-0: Called Strike
0-1: SINGLE (Groundball, 6, EV 97.5 MPH)
Batting: RHB Ernie Maldonado 0-0: Ball
1-0: Called Strike
Alex de Leon is caught stealing 2nd base 2-4
1-1: Swinging Strike
1-2: Ball
2-2: Strikes out looking
Batting: RHB Aaron Barraza 0-0: Swinging Strike
0-1: DOUBLE (Flyball, 89XD, EV 101.2 MPH)
Batting: RHB Ed Santibanez 0-0: Called Strike
0-1: SINGLE (Groundball, 15S, EV 66.2 MPH) (infield hit)
Aaron Barraza to third
Batting: SHB Cesar Pelayo 0-0: Foul Ball, location: 2F
0-1: Ball
1-1: Swinging Strike
1-2: Ball
2-2: Ball
3-2: Reached on error, E2 (Groundball, 2R, EV 69.4 MPH)
Aaron Barraza scores
Ed Santibanez to third
Batting: RHB Alex Villagomez 0-0: Swinging Strike
0-1: Foul Ball, location: 2F
0-2: Ball
1-2: Strikes out swinging
Bottom of the 5th over - 1 run, 3 hits, 1 error, 2 left on base; New Jersey 0 - Columbus 3
TOP OF THE 6TH
New Jersey Devils batting - Pitching for Columbus Reds : RHP Brian Trejo
Batting: RHB Jeremy Delka 0-0: Called Strike
0-1: Foul Ball, location: 2F
0-2: Ball
1-2: Strikes out looking
Batting: RHB Frank Emery 0-0: Called Strike
0-1: Foul Ball, location: 2F
0-2: Strikes out swinging
Batting: RHB Sam Callahan 0-0: Fly out, F6 (Popup, P, EV 74.4 MPH)
Top of the 6th over - 0 runs, 0 hits, 0 errors, 0 left on base; New Jersey 0 - Columbus 3
BOTTOM OF THE 6TH
Columbus Reds batting - Pitching for New Jersey Devils : RHP Dan Mathews
Batting: RHB Ch'ang-chieh Hsia 0-0: Ball
1-0: Foul Ball, location: 2F
1-1: Foul Ball, location: 2F
1-2: Fly out, F4 (Line Drive, 4, EV 75.6 MPH)
Batting: LHB Jose Cruz 0-0: Foul Ball, location: 2F
0-1: Ball
1-1: Ball
2-1: Fly out, F6 (Popup, 6S, EV 73.1 MPH)
Batting: LHB Mike Becerra 0-0: Ball
1-0: Ball
2-0: Ball
3-0: Base on Balls
Batting: RHB Alex de Leon 0-0: Called Strike
0-1: Ball
1-1: DOUBLE (Flyball, 78XD, EV 95.0 MPH)
Mike Becerra to third
Runner from 3rd tries for Home, SAFE, throw by LF to home
Batting: RHB Ernie Maldonado 0-0: Fly out, F9 (Flyball, 89S, EV 86.2 MPH)
Bottom of the 6th over - 1 run, 1 hit, 0 errors, 1 left on base; New Jersey 0 - Columbus 4
TOP OF THE 7TH
New Jersey Devils batting - Pitching for Columbus Reds : RHP Brian Trejo
Now in RF: Tim Kirk
Batting: RHB Eric Zylstra 0-0: Ball
1-0: Ball
2-0: Ground out 6-3 (Groundball, 56, EV 82.5 MPH)
Batting: RHB Nate Henderson 0-0: Called Strike
0-1: Ball
1-1: Called Strike
1-2: Ball
2-2: Strikes out looking
Batting: RHB Bill Crogan 0-0: Ball
1-0: Called Strike
1-1: Foul Ball, location: 2F
1-2: Strikes out swinging
Top of the 7th over - 0 runs, 0 hits, 0 errors, 0 left on base; New Jersey 0 - Columbus 4
BOTTOM OF THE 7TH
Columbus Reds batting - Pitching for New Jersey Devils : RHP Dan Mathews
Pitching: LHP Joe Edwards
Batting: RHB Aaron Barraza 0-0: Called Strike
0-1: Called Strike
0-2: Strikes out looking
Batting: RHB Ed Santibanez 0-0: Called Strike
0-1: Ground out 6-3 (Groundball, 6, EV 100.6 MPH)
Batting: SHB Cesar Pelayo 0-0: Foul Ball, location: 2F
0-1: Foul Ball, location: 2F
0-2: Ball
1-2: Ball
2-2: Strikes out swinging
Bottom of the 7th over - 0 runs, 0 hits, 0 errors, 0 left on base; New Jersey 0 - Columbus 4
TOP OF THE 8TH
New Jersey Devils batting - Pitching for Columbus Reds : RHP Brian Trejo
Batting: RHB Juan Medina 0-0: Called Strike
0-1: Foul Ball, location: 2F
0-2: Ball
1-2: Fly out, F7 (Flyball, 7LM, EV 91.9 MPH)
Batting: LHB Brad Guffin 0-0: Called Strike
0-1: Swinging Strike
0-2: Fly out, F7 (Flyball, 7D, EV 89.4 MPH)
Batting: RHB Pedro Botello 0-0: Called Strike
0-1: Ball
1-1: Ball
2-1: Foul Ball, location: 2F
2-2: Ball
3-2: Strikes out swinging
Top of the 8th over - 0 runs, 0 hits, 0 errors, 0 left on base; New Jersey 0 - Columbus 4
BOTTOM OF THE 8TH
Columbus Reds batting - Pitching for New Jersey Devils : LHP Joe Edwards
Batting: RHB Alex Villagomez 0-0: Foul Ball, location: 2F
0-1: Ball
1-1: Ball
2-1: SINGLE (Flyball, 4D, EV 91.9 MPH)
Batting: RHB Ch'ang-chieh Hsia 0-0: Ball
1-0: Called Strike
1-1: Called Strike
1-2: Strikes out swinging
Batting: LHB Jose Cruz 0-0: Swinging Strike
0-1: Called Strike
0-2: Ball
1-2: Ball
2-2: Fly out, F9 (Line Drive, 9S, EV 93.8 MPH)
Batting: LHB Tim Kirk 0-0: Ball
1-0: Ground out 4-3 (Groundball, 34, EV 86.2 MPH)
Bottom of the 8th over - 0 runs, 1 hit, 0 errors, 1 left on base; New Jersey 0 - Columbus 4
TOP OF THE 9TH
New Jersey Devils batting - Pitching for Columbus Reds : RHP Brian Trejo
Batting: RHB Jeremy Delka 0-0: Called Strike
0-1: Ball
1-1: Ball
2-1: Foul Ball, location: 2F
2-2: Strikes out swinging
Batting: RHB Frank Emery 0-0: Ball
1-0: Ball
2-0: Foul Ball, location: 2F
2-1: Foul Ball, location: 2F
2-2: Strikes out looking
Batting: RHB Sam Callahan 0-0: Foul Ball, location: 2F
0-1: Foul Ball, location: 2F
0-2: SINGLE (Groundball, 4M, EV 87.5 MPH) (infield hit)
Batting: RHB Eric Zylstra 0-0: Ball
1-0: Called Strike
1-1: Ball
2-1: Called Strike
2-2: Foul Ball, location: 2F
2-2: Strikes out swinging
Top of the 9th over - 0 runs, 1 hit, 0 errors, 1 left on base; New Jersey 0 - Columbus 4
Tuesday, September 13th , 2022 - OOTP Baseball 23.7 Build 88